 Dungeon Crawl Stone Soup version 0.27.1-34-g3ba077fa99 (webtiles) character file.

Game seed: 13402475452430306463

356 sankara the Ruffian (level 6, -5/47 HPs)
             Began as a Minotaur Transmuter on Jan 18, 2022.
             Slain by an orc warrior (17 damage)
             ... on level 5 of the Dungeon.
             The game lasted 00:07:59 (5357 turns).

sankara the Ruffian (Minotaur Transmuter)           Turns: 5357, Time: 00:08:00

Health: -5/47      AC:  2    Str: 14    XL:     6   Next: 36%
Magic:  5/7        EV: 23    Int: 11    God:
Gold:   239        SH:  0    Dex: 17    Spells: 2/8 levels left

rFire    . . .     SeeInvis .     - Unarmed
rCold    . . .     Faith    .   (shield currently unavailable)
rNeg     . . .     Spirit   .   (armour currently unavailable)
rPois    x         Reflect  .   (helmet currently unavailable)
rElec    .         Harm     .   (cloak currently unavailable)
rCorr    .         Rampage  .   (gloves currently unavailable)
Will     .....                  (boots currently unavailable)
Stlth    ++........             p - amulet of the acrobat
HPRegen  0.15/turn              o - +4 ring of evasion
MPRegen  0.10/turn              (no ring)

@: lethally poisoned (-5 -> -9), spider-form (expiring)
A: venomous fangs, tiny, (horns 2), (retaliatory headbutt)
a: End Transformation


You were on level 5 of the Dungeon.
You were a venomous arachnid creature.
You visited 1 branch of the dungeon, and saw 5 of its levels.

You collected 239 gold pieces.

Inventory:

Hand Weapons
 c - a +0 hunting sling
Missiles
 f - 177 stones
 l - 8 poisoned darts
 t - 14 sling bullets
Armour
 a - a +0 robe (melded)
 q - the +0 robe "Tiriheiv" {Harm rPois Dex+4}
   (You found it on level 4 of the Dungeon)

   Dex:       It affects your dexterity (+4).
   rPois:     It protects you from poison.
   Harm:      It increases damage dealt and taken.
Jewellery
 d - a ring of ice
 o - a +4 ring of evasion (left front leg)
 p - an amulet of the acrobat (around neck)
Scrolls
 g - a scroll of noise {unknown}
 h - a scroll of teleportation {unknown}
 i - a scroll of immolation {unknown}
 k - a scroll of enchant weapon {unknown}
 r - a scroll of magic mapping {unknown}
 s - a scroll of amnesia {unknown}
 v - a scroll of identify {unknown}
Potions
 b - a potion of attraction {unknown}
 e - a potion of curing {unknown}
 j - a potion of flight {unknown}
 m - 2 potions of heal wounds {unknown}
 n - a potion of lignification {unknown}
 u - a potion of degeneration {unknown}


   Skills:
 - Level 1.2 Fighting
 - Level 2.1 Dodging
 + Level 5.4 Unarmed Combat
 - Level 1.5 Spellcasting
 * Level 3.5 Transmutations
 * Level 2.1 Poison Magic


You had 2 spell levels left.
You knew the following spells:

 Your Spells              Type           Power      Damage    Failure   Level
a - Beastly Appendage     Tmut           16%        N/A       19%         1
b - Wereblood             Tmut           8%         N/A       26%         2
c - Spider Form           Tmut/Pois      3%         N/A       50%         3

Your spell library contained the following spells:

 Spells                   Type           Power      Damage    Failure   Level
 Corona                   Hex            0%         N/A       52%         1
 Ensorcelled Hibernation  Hex/Ice        0%         N/A       65%         2
 Tukima's Dance           Hex            0%         N/A       85%         3
 Ice Form                 Ice/Tmut       4%         N/A       93%         4


Dungeon Overview and Level Annotations

Branches:
Dungeon (5/15)
 Temple: D:4-7

Altars:
Yredelemnul
Zin
The Shining One

Shops:
D:4 =


Innate Abilities, Weirdness & Mutations

You are a venomous arachnid creature.
You have poisonous fangs.
You are tiny and dextrous.
Your spellcasting is less reliable in this form.
Your armour is entirely melded.
You are incapable of wielding weapons or throwing items.
((You have a pair of horns on your head.))
((You reflexively headbutt those who attack you in melee.))


Message History

You hit the orc.
The orc is poisoned.
The orc is moderately wounded.
The orc warrior completely misses you. The orc completely misses you.
You hit the orc.
You kill the orc!
Your transformation is almost over.
The orc warrior barely misses you. The adder completely misses you.
You hit the orc warrior but do no damage.
The orc warrior is poisoned.
The adder bites you.
You are poisoned.
The adder poisons you! The orc warrior misses you.
You barely miss the orc warrior.
The orc warrior is lightly wounded.
You feel very sick. The adder completely misses you.
The orc wizard mumbles some strange words.
The orc wizard flickers and vanishes!
Deactivating autopickup; reactivate with Ctrl-A.
The orc warrior hits you with a +0 halberd!
You hit the orc warrior but do no damage.
The orc warrior looks even sicker.
The orc warrior is lightly wounded.
You feel sick. The orc barely misses you. The adder completely misses you.
Something barely misses you.
You barely miss the orc warrior.
The orc warrior is moderately wounded.
You feel sick. The adder completely misses you.
The orc warrior closely misses you. The orc misses you.
You hear some strange, mumbled words.
A puff of flame appears from out of thin air!
The puff of flame hits you!
* * * LOW HITPOINT WARNING * * *
The adder closely misses you.
You are too injured to fight recklessly!
You bite the orc warrior!
The orc warrior is severely wounded.
You feel sick.
The orc warrior hits you with a +0 halberd!
You die...

... ...... .♣
##.##..... ..
#....?.... .
♣.##......# ._
♣.........# ...
...#..<....#....#
♣................
...........##.....
......)...so......
#........oS{......
...........#......
...#............##
..##..##.....##...
#.# #...... .. ...
#....... . ..
#........


You could see an orc warrior (very poisoned), an adder and an orc.

Vanquished Creatures
  A black bear (D:4)
  A centaur skeleton (D:4)
  2 orc priests (D:4)
  An orc wizard (D:4)
  Robin (D:3)
  4 adders
  An adder skeleton (D:4)
  2 worms
  7 orcs
  11 ball pythons
  8 bats
  3 endoplasms
  4 giant cockroaches
  8 goblins
  9 hobgoblins
  12 kobolds
  4 quokkas
  A frilled lizard (D:1)
  6 rats
86 creatures vanquished.

Notes
Turn   | Place    | Note
-------+----------+-------------------------------------------
     0 | D:1      | sankara the Minotaur Transmuter began the quest for the
                  | Orb.
     0 | D:1      | Reached XP level 1. HP: 16/16 MP: 1/1
   250 | D:1      | Reached XP level 2. HP: 19/23 MP: 0/3
   323 | D:1      | Learned a level 2 spell: Wereblood
   445 | D:1      | Reached skill level 4 in Unarmed Combat
   478 | D:1      | Found a faded altar of an unknown god.
  1041 | D:2      | Reached XP level 3. HP: 27/28 MP: 2/4
  1999 | D:2      | Reached XP level 4. HP: 35/35 MP: 3/5
  2026 | D:2      | Learned a level 3 spell: Spider Form
  2518 | D:3      | Noticed Robin
  2524 | D:3      | Killed Robin
  3093 | D:3      | Found a glowing golden altar of the Shining One.
  3587 | D:4      | Reached skill level 5 in Unarmed Combat
  3686 | D:4      | Found a basalt altar of Yredelemnul.
  3688 | D:4      | Identified the +0 robe "Tiriheiv" {Harm rPois Dex+4}
  4083 | D:4      | Reached skill level 1 in Poison Magic
  4083 | D:4      | Reached XP level 5. HP: 25/40 MP: 2/6
  4672 | D:4      | Found Sientin's Jewellery Emporium.
  4871 | D:4      | Noticed a black bear
  5002 | D:4      | Killed a black bear
  5003 | D:4      | Reached XP level 6. HP: 31/47 MP: 2/7
  5345 | D:5      | Entered Level 5 of the Dungeon
  5346 | D:5      | Noticed an orc warrior
  5348 | D:5      | Found a glowing silver altar of Zin.
  5357 | D:5      | Slain by an orc warrior

Illustrated notes

Levels and vault maps discovered:
D:1:      dpeg_arrival_arbitrary_b, layout_loops_ring,
          hellmonk_ecumenical_altar_crossroads
D:2:      layout_loops_corners, grunt_ministairs_10, minmay_domino_4
D:3:      layout_loops_ring, nicolae_tso_swordbearing_angel, skrybe_limestone_x,
          serial_park_tiny_2, uniq_robin
D:4:      layout_cave_pods, old_standard_altar, serial_shops, shop
D:5:      layout_cave_pools, grunt_temple_overflow_order_and_chaos_1,
          mainiacjoe_overflow_small_starburst, hellmonk_bongcloud_opening,
          roderic_batcave, minivault_26, kennysheep_generic_room_6,
          uniq_blork_the_orc, uniq_duvessa, uniq_pikel

Skill      XL: |  1  2  3  4  5 |
---------------+----------------+-----
Unarmed Combat | 4 5 |  5.4
Transmutations | 2 3 |  3.5
Poison Magic   | 1 2 |  2.1
Fighting       | |  1.2
Dodging        | |  2.1
Spellcasting   | |  1.5

Action                   |  1- 3 |  4- 6 || total
-------------------------+-------+-------++-------
Melee: Unarmed           |    81 |   100 ||   181
       Headbutt          |     9 |     6 ||    15
       Kick              |    14 |    11 ||    25
       Punch             |     3 |       ||     3
 Cast: Beastly Appendage |    24 |    25 ||    49
       Spider Form       |       |    10 ||    10
 Stab: Sleeping          |       |     1 ||     1
Armor: Robe              |    21 |     8 ||    29
       Skin              |       |     1 ||     1
Dodge: Dodged            |    52 |    79 ||   131
